Map: Pillars of Gold LE

Players

Leo (LeoRusher)

  • Race: Protoss Protoss
  • League: Grandmaster
  • Spawn Location: 1:00

TeebuL - Winner!

  • Race: Protoss Protoss
  • Spawn Location: 7:00

Event: DreamHack SC2 Masters 2020 Winter

VOD

Have the link to the VOD?

Description

Time

  • Played on: Oct. 16, 2020, 12:53 a.m.
  • Length: 8:18

All games in this series

Show
View Real Time Build Order
Export as new Build Order

Leo Protoss 

Build Orders:  

Get SALT Encoding   

  12  0:00  Probe  
  13  0:12  Probe  
  14  0:24  Probe  
  15  0:35  Pylon  
  15  0:53  Gateway  
  15  0:54  Gateway  
  15  0:59  Gateway  
  15  1:09  Gateway  
  15  1:27  Pylon  
  15  1:39  Zealot (Chrono Boost)  
  15  1:40  Zealot (Chrono Boost)  
  19  1:52  Zealot (Chrono Boost)  
  20  1:57  Zealot x2  
  24  2:07  Pylon  
  24  2:13  Zealot  
  26  2:30  Zealot x2  
  30  2:43  Zealot (Chrono Boost)  
  26  2:51  Zealot (Chrono Boost)  
  29  3:06  Zealot (Chrono Boost)  
  29  3:09  Zealot (Chrono Boost)  
  31  3:13  Zealot (Chrono Boost)  
  27  3:28  Zealot (Chrono Boost)  
  27  3:29  Zealot (Chrono Boost)  
  27  3:42  Zealot (Chrono Boost)  
  27  3:45  Zealot (Chrono Boost)  
  27  3:53  Zealot  
  25  3:59  Zealot  
  25  4:11  Zealot  
  27  4:18  Zealot  
  25  4:37  Assimilator  
  23  4:44  Zealot  
  23  4:47  Cybernetics Core  
  23  4:52  Probe  
  24  5:04  Zealot (Chrono Boost), Probe  
  27  5:16  Probe  
  28  5:22  Stalker (Chrono Boost)  
  28  5:40  Stalker (Chrono Boost)  
  28  5:50  Pylon  
  28  5:52  Pylon  
  28  5:55  Pylon  
  28  6:09  Stalker (Chrono Boost)  
  26  6:14  Probe  
  27  6:26  Probe  
  26  6:36  Stalker  
  26  6:38  Probe  
  29  6:43  Assimilator  
  31  7:00  Pylon  
  31  7:14  Twilight Council  
  30  7:35  Gateway  
  29  7:40  Gateway  
  29  7:42  Shield Battery  
  29  7:44  Shield Battery  
  29  7:46  Shield Battery  
Show
View Real Time Build Order
Export as new Build Order

TeebuL Protoss - Winner!

Build Orders: Mass Adepts 

Get SALT Encoding   

  12  0:00  Probe  
  13  0:12  Probe  
  14  0:18  Pylon  
  14  0:24  Probe (Chrono Boost)  
  15  0:37  Probe (Chrono Boost)  
  15  0:39  Gateway  
  16  0:44  Probe (Chrono Boost)  
  16  0:48  Assimilator  
  17  0:51  Probe  
  17  0:56  Assimilator  
  18  1:03  Probe (Chrono Boost)  
  19  1:11  Gateway  
  19  1:15  Probe (Chrono Boost)  
  20  1:25  Cybernetics Core  
  20  1:30  Zealot  
  22  1:51  Pylon, Probe  
  22  2:07  Shield Battery  
  22  2:08  Adept (Chrono Boost)  
  26  2:16  Adept (Chrono Boost)  
  26  2:19  Pylon  
  26  2:21  Pylon  
  26  2:29  Adept (Chrono Boost)  
  26  2:44  Adept  
  26  2:50  Shield Battery  
  24  2:59  Adept (Chrono Boost)  
  24  3:01  Probe  
  23  3:20  Probe  
  23  3:21  Adept (Chrono Boost)  
  23  3:25  Adept (Chrono Boost)  
  24  3:32  Probe  
  21  3:44  Probe  
  22  3:51  Adept  
  22  3:53  Shield Battery  
  22  3:59  Sentry  
  24  4:05  Probe  
  23  4:17  Probe  
  24  4:28  Adept  
  24  4:29  Adept  
  28  4:32  Probe  
  29  4:44  Warp Gate, Probe  
  30  4:57  Probe  
  30  4:58  Stalker  
  33  5:08  Stalker  
  33  5:09  Probe  
  36  5:24  Probe  
  36  5:26  Robotics Facility  
  37  5:29  Stalker  
  39  5:50  Pylon  
  39  5:51  Sentry  
  39  5:52  Shield Battery  
  39  5:54  Shield Battery  
  41  6:01  Shield Battery  
  41  6:14  Immortal (Chrono Boost)  
  45  6:46  Stalker  
  47  6:52  Pylon  
  47  7:08  Colossus (Chrono Boost)  
  47  7:10  Warp Prism (Chrono Boost)  
  47  7:14  Probe  
  48  7:20  Stalker x2  
  52  7:30  Pylon  
  52  7:38  Observer (Chrono Boost)  
Tags
 
Add a new tag
Caveats
  • Supply blocks, unpowered buildings, or Contaminate may cause inaccurate times.
  • Supply counts are checked every 10 seconds.